 Dungeon Crawl Stone Soup version 0.28-a0-1182-g381e24db82 (webtiles) character file.

Game seed: 11764793403751109714

1005 ChaosChampion the Insei (level 8, 0/48 HPs)
             Began as an Octopode Transmuter on Dec 17, 2021.
             Was a Plaything of Xom.
             Slain by a chaos spawn (14 damage)
             ... summoned by Xom
             ... on level 6 of the Dungeon.
             The game lasted 00:08:28 (5745 turns).

ChaosChampion the Insei (Octopode Transmuter)       Turns: 5745, Time: 00:08:30

Health: 0/48       AC:  2    Str:  9      XL:     8   Next: 20%
Magic:  8/11       EV: 23    Int: 21      God:    Xom [......]
Gold:   210        SH:  0    Dex: 21 (24) Spells: 0/11 levels left

rFire   x . .      SeeInvis .     - Unarmed
rCold   + . .      Faith    .   (shield currently unavailable)
rNeg    . . .      Spirit   .   (helmet currently unavailable)
rPois   x          Reflect  .   (no amulet)
rElec   .          Harm     .   a - +4 ring of evasion
rCorr   .          Rampage  .   d - ring of the Catfish {rF- rC+ Int+3 Dex+9 Stlth+}
Will    +....                   (no ring)
Stlth   +++.......              (no ring)
HPRegen 0.00/turn               (no ring)
MPRegen 0.12/turn               (no ring)
                                (no ring)
                                (no ring)

@: spider-form, inhibited regen, studying Bows
A: venomous fangs, almost no armour, (amphibious), 8 rings, tiny, (camouflage
1), (gelatinous body 1), (nimble swimmer 1), (tentacles), (tentacle spike 1),
clumsy 1, (fire resistance 1), strong-willed 1, inhibited regeneration
a: End Transformation, Renounce Religion


You were on level 6 of the Dungeon.
You worshipped Xom.
You were a very special plaything of Xom.
You were a venomous arachnid creature.
You visited 1 branch of the dungeon, and saw 6 of its levels.
You also visited: Sewer.

You collected 210 gold pieces.

Inventory:

Missiles
 m - 22 poisoned darts
Jewellery
 a - a +4 ring of evasion (left front leg)
 d - the ring of the Catfish (right front leg) {rF- rC+ Int+3 Dex+9 Stlth+}
   (You acquired it on level 4 of the Dungeon)

   [ring of protection from cold]

   Int:       It affects your intelligence (+3).
   Dex:       It affects your dexterity (+9).
   rF:        It makes you vulnerable to fire.
   rC:        It protects you from cold.
   Stlth:     It makes you more stealthy.
Scrolls
 c - 2 scrolls of fear
 k - a scroll of teleportation {unknown}
 o - a scroll of brand weapon {unknown}
Potions
 b - a potion of attraction {unknown}
 e - 2 potions of brilliance {unknown}
 f - a potion of might {unknown}
 g - a potion of flight {unknown}
 h - a potion of lignification {unknown}
 i - a potion of degeneration {unknown}
 j - 4 potions of mutation {unknown}
 l - a potion of haste
 n - 2 potions of curing {unknown}


   Skills:
 - Level 1.0 Fighting
 - Level 2.0 Dodging
 + Level 7.0 Unarmed Combat
 * Level 2.2 Spellcasting
 + Level 6.2 Transmutations
 * Level 0.8 Ice Magic
 - Level 3.0 Poison Magic


You couldn't memorise any spells.
You knew the following spells:

 Your Spells              Type           Power      Damage    Failure   Level
a - Passwall              Tmut/Erth      12%        N/A       17%         2
b - Wereblood             Tmut           28%        N/A       7%          2
c - Spider Form           Tmut/Pois      21%        N/A       17%         3
d - Ice Form              Ice/Tmut       17%        N/A       54%         4

Your spell library contained the following spells:

 Spells                   Type           Power      Damage    Failure   Level
 Beastly Appendage        Tmut           56%        N/A       5%          1
 Summon Small Mammal      Summ           8%         N/A       32%         1
 Static Discharge         Conj/Air       2%         N/A       43%         2
 Call Canine Familiar     Summ           2%         N/A       63%         3
 Summon Guardian Golem    Hex/Summ       2%         N/A       63%         3
 Swiftness                Air            2%         N/A       63%         3
 Lightning Bolt           Conj/Air       1%         1d12      99%         5
 Maxwell's Capacitive Co  Air            1%         ∞         100%        8


Dungeon Overview and Level Annotations

Branches:
Dungeon (6/15)              Sewer (visited)
 Temple: D:4-7

Altars:
Ashenzari
Fedhas
Vehumet
Xom
Zin

Shops:
D:4 (

Annotations:
D:5 Edmund


Innate Abilities, Weirdness & Mutations

You are a venomous arachnid creature.
You have poisonous fangs.
You are tiny and dextrous.
Your spellcasting is less reliable in this form.
Your armour is entirely melded.
You are incapable of wielding weapons or throwing items.
You cannot wear most types of armour.
((You are amphibious.))
You can wear up to eight rings at the same time.
((Your skin changes colour to match your surroundings (Stealth+).))
((Your rubbery body absorbs attacks. (AC +1, EV +1)))
((You are camouflaged near water. (Stealth+)))
((You have tentacles for arms and can constrict up to eight enemies at once.))
((One of your tentacles bears a spike.))
You are clumsy. (Dex -2)
((Your flesh is heat resistant. (rF+)))
You are strong-willed. (Will+)
You do not regenerate when monsters are visible.


Message History

Your surroundings suddenly seem different.
Your surroundings seem slightly different.
Your surroundings suddenly seem different.
Your surroundings suddenly seem different.
An iguana, an orc, a white imp, a phantom and Edmund come into view.
Edmund is wielding a +2 vorpal flail.
Found an encrusted gold wand.
Found a stone staircase leading down.
There is a stone staircase leading down here.
You climb downwards.
Found 15 gold pieces.
There is a stone staircase leading up here.
You start resting.
Magic restored.
You start resting.
Your transformation is almost over.
You start resting.
Your transformation has ended.
You start resting.
You hear Xom's maniacal laughter.
As you read the scroll of fear, it crumbles to dust.
You assume a fearsome visage.
The shadow imp looks frightened! x2
The chaos spawn looks frightened!
The white imp looks frightened!
The chaos spawn resists with some effort.
Casting: Spider Form (dangerous; 6% risk of failure)
Confirm with . or Enter, or press ? or * to list all spells.
You turn into a venomous arachnid creature.
The chaos spawn completely misses you.
You hit the chaos spawn but do no damage.
The chaos spawn is poisoned.
You hit the chaos spawn but do no damage.
The chaos spawn looks as sick as possible!
The chaos spawn completely misses you.
You hit the chaos spawn.
The chaos spawn is lightly wounded.
The chaos spawn misses you.
You hit the chaos spawn.
The chaos spawn is moderately wounded.
The chaos spawn hits you!
You die... "It was about time."

.... ..# .###.
..##....$ ##
.5.#... ..
##..... #.
#....#
..##.#....#.##.
.......4.......
..4....s#.##...
........# .F
#........ ..#
.........# ...
........## ##
.......##
##..... #.5..5


You could see 2 chaos spawn, a white imp (summoned, fleeing) and 2 shadow imps.

Vanquished Creatures
  A sky beast (D:5)
  Pargi (Sewer)
  An ice beast (D:5)
  An ogre (D:5)
  2 centaurs (D:4)
  A phantom (D:4)
  A water moccasin skeleton (D:5)
  A hound (D:5)
  An iguana (D:4)
  Natasha (thrice) (D:2)
  6 adders
  8 gnolls (D:4)
  A dart slug (D:2)
  2 orcs
  7 ball pythons
  3 endoplasms
  2 giant cockroaches (D:4)
  9 goblins
  9 hobgoblins
  3 jackals (D:2)
  9 kobolds
  13 quokkas
  8 bats
  4 frilled lizards
  A quokka skeleton (D:4)
  5 rats
103 creatures vanquished.

Notes
Turn   | Place    | Note
-------+----------+-------------------------------------------
     0 | D:1      | ChaosChampion the Octopode Transmuter began the quest for
                  | the Orb.
     0 | D:1      | Reached XP level 1. HP: 13/13 MP: 3/3
   334 | D:1      | Reached XP level 2. HP: 18/18 MP: 3/5
   414 | D:1      | Learned a level 2 spell: Wereblood
   624 | D:1      | Found a faded altar of an unknown god.
   632 | D:1      | Prayed at the altar of an unknown god.
   632 | D:1      | Became a worshipper of Xom of Chaos
   654 | D:1      | XOM: silly message
   812 | D:1      | XOM: silly message
  1105 | D:1      | Reached XP level 3. HP: 23/23 MP: 2/6
  1727 | D:2      | Noticed Natasha
  1735 | D:2      | Killed Natasha
  1736 | D:2      | Reached skill level 4 in Unarmed Combat
  1736 | D:2      | Reached XP level 4. HP: 22/28 MP: 5/7
  1740 | D:2      | Learned a level 3 spell: Spider Form
  1920 | D:2      | Found a radiant altar of Vehumet.
  1932 | D:2      | Noticed Natasha
  1945 | D:2      | XOM: silly message
  1946 | D:2      | Killed Natasha
  1947 | D:2      | Reached skill level 1 in Poison Magic
  2013 | D:2      | Noticed Natasha
  2023 | D:2      | Killed Natasha
  2024 | D:2      | Reached XP level 5. HP: 13/33 MP: 4/8
  2515 | D:2      | XOM: 2-stop teleportation journey
  2892 | D:2      | XOM: give mutation
  2892 | D:2      | Gained mutation: One of your tentacles bears a spike.
                  | [Xom's mischief]
  3528 | D:4      | Learned a level 2 spell: Passwall
  3632 | D:4      | Noticed a centaur
  3635 | D:4      | Noticed a centaur
  3640 | D:4      | Killed a centaur
  3641 | D:4      | Reached skill level 5 in Unarmed Combat
  3641 | D:4      | Reached XP level 6. HP: 32/38 MP: 5/9
  3795 | D:4      | Found a radiant altar of Vehumet.
  3829 | D:4      | Found a broken altar of Ashenzari.
  3871 | D:4      | Identified a scroll of acquirement
  3871 | D:4      | Acquired the ring of the Catfish {rF- rC+ Int+3 Dex+9
                  | Stlth+}
  3887 | D:4      | Found a blossoming altar of Fedhas.
  3932 | D:4      | Found a glowing silver altar of Zin.
  4034 | D:4      | XOM: give mutations
  4034 | D:4      | Gained mutation: You do not regenerate when monsters are
                  | visible. [Xom's mischief]
  4034 | D:4      | Gained mutation: Your flesh is heat resistant. (rF+) [Xom's
                  | mischief]
  4034 | D:4      | Gained mutation: You are clumsy. (Dex -2) [Xom's mischief]
  4034 | D:4      | Gained mutation: You are strong-willed. (Will+) [Xom's
                  | mischief]
  4043 | D:4      | Reached XP level 7. HP: 43/43 MP: 6/10
  4066 | D:4      | Found a glowing drain.
  4101 | Sewer    | Entered a sewer
  4106 | Sewer    | XOM: blink monster(s)
  4170 | Sewer    | Noticed Pargi
  4174 | Sewer    | XOM: summons 1 hostile demon
  4181 | Sewer    | Killed Pargi
  4182 | Sewer    | Reached skill level 6 in Unarmed Combat
  4182 | Sewer    | Reached skill level 5 in Transmutations
  4841 | D:4      | Found Fiqah's Antique Weapon Shoppe.
  5019 | D:5      | Entered Level 5 of the Dungeon
  5344 | D:5      | XOM: chaos upgrade
  5494 | D:5      | XOM: cast spell 'Cause Fear'
  5511 | D:5      | Reached XP level 8. HP: 26/48 MP: 7/11
  5523 | D:5      | Learned a level 4 spell: Ice Form
  5664 | D:5      | Reached skill level 7 in Unarmed Combat
  5679 | D:5      | XOM: summons 3 hostile demons
  5680 | D:5      | XOM: smoke on damage
  5700 | D:5      | XOM: torment (9/48 hp)
  5704 | D:5      | Noticed Edmund
  5704 | D:5      | XOM: 4-stop teleportation journey
  5739 | D:6      | XOM: summons 5 hostile demons
  5745 | D:6      | Slain by a chaos spawn

Illustrated notes

Levels and vault maps discovered:
D:1:      heliophobic_arrival_dark_side_of_the_moon, layout_loops_corners,
          serial_rivers, chequers_serial_rivers_room_a,
          chequers_serial_rivers_marsh, chequers_serial_rivers_micro_a,
          chequers_serial_rivers_room_a,
          dreamdust_ecumenical_altar_angels_and_demons, minivault_27
D:2:      layout_basic, basic_altar, grunt_ministairs_4,
          minmay_increasing_density, uniq_natasha
D:3:      layout_loops_ring, makhleb_altar_promises_db,
          nicolae_yredelemnul_corpse_copse
D:4:      layout_basic, mainiacjoe_overflow_brackets,
          mainiacjoe_overflow_24_doors, mainiacjoe_overflow_alcove_4,
          general_overflow_altar, gup_sewer_entry_pipe, serial_shops,
          nicolae_shop_trees, minmay_manual_mares
D:5:      layout_basic, nicolae_wu_jian_immortal_techniques, uniq_edmund,
          uniq_sigmund, uniq_duvessa
D:6:      layout_cave_pools, nicolae_overflow_crystal_walls,
          mainiacjoe_overflow_boulevard, minmay_temple_entry_mist,
          kennysheep_diamond

Skill      XL: |  1  2  3  4  5  6  7  8 |
---------------+-------------------------+-----
Unarmed Combat | 4 5 6 7 |  7.0
Transmutations | 3 4 6 |  6.2
Poison Magic   | 2 3 |  3.0
Fighting       | |  1.0
Dodging        | |  2.0
Spellcasting   | |  2.2
Ice Magic      | |  0.8

Action                   |  1- 3 |  4- 6 |  7- 9 || total
-------------------------+-------+-------+-------++-------
Melee: Unarmed           |    67 |   120 |   111 ||   298
       Constrict         |    20 |     8 |    11 ||    39
       Kick              |    14 |     4 |     6 ||    24
       Tentacles         |     9 |     6 |     2 ||    17
       Punch             |     1 |     1 |       ||     2
 Cast: Beastly Appendage |    19 |     3 |       ||    22
       Wereblood         |     9 |     8 |     4 ||    21
       Spider Form       |       |    13 |     9 ||    22
       Passwall          |       |     2 |       ||     2
  Use: Scroll            |       |     7 |     2 ||     9
 Stab: Sleeping          |     1 |     2 |     1 ||     4
       Fleeing           |       |       |     1 ||     1
Armor: Skin              |       |     6 |     3 ||     9
Dodge: Dodged            |    46 |   107 |   129 ||   282

Table legend: (Time is in decaauts)
 A = Elapsed time spent in this place.
 B = Non-inter-level travel time spent in this place.
 C = Inter-level travel time spent in this place.
 D = Time resting spent in this place.
 E = Time spent auto-exploring this place.
 F = Levels seen in this place.
 G = Mean time per level.
                   A        B        C        D        E       F      G
               +--------+--------+--------+--------+--------+-----+--------+
         Total |   5720 |   5574 |    146 |    294 |   4195 |   7 |  817.1 |
       Dungeon |   5591 |   5445 |    146 |    294 |   4137 |   6 |  931.8 |
         Sewer |    129 |    129 |      0 |      0 |     58 |   1 |  129.0 |
               +--------+--------+--------+--------+--------+-----+--------+

Top non-repeatable levels by time:
     D:1: 1666 daAuts
     D:2: 1594 daAuts
     D:4: 1534 daAuts
     D:5: 448 daAuts
     D:3: 310 daAuts
   Sewer: 129 daAuts
     D:6: 36 daAuts
